 Dungeon Crawl Stone Soup version 0.20.1-1-g8b1a95d (console) character file.

576 Kloppie the Sneak (level 7, -1/56 HPs)
             Began as a Merfolk Gladiator on July 29, 2017.
             Was a Follower of Okawaru.
             Slain by a mummy (15 damage)
             ... in an ossuary.
             The game lasted 00:06:41 (4207 turns).

Kloppie the Sneak (Merfolk Gladiator)               Turns: 4207, Time: 00:06:41

Health: -1/56      AC:  7    Str: 14    XL:     7   Next: 35%
Magic:  7/7        EV: 14    Int:  8    God:    Okawaru [*.....]
Gold:   171        SH:  0    Dex: 17    Spells: 6/6 levels left

rFire    . . .     SeeInvis .   a - +1 long sword
rCold    . . .     Gourm    .   (no shield)
rNeg     . . .     Faith    .   b - +0 leather armour
rPois    .         Spirit   .   c - +0 helmet
rElec    .         Reflect  .   (no cloak)
rCorr    .         Harm     .   (no gloves)
MR       .....     Rnd*Rage +   (no boots)
Stlth    +++.......             (no amulet)
Regen    0.2/turn               l - +3 ring of protection
MPRegen  0.1/turn               (no ring)

@: no status effects
A: change form in water, swift swim, stealthy swim, berserk 1, evolution 1,
subdued magic 1
a: Heroism, Renounce Religion


You were in an ossuary.
You worshipped Okawaru.
Okawaru was aware of your devotion.
You were not hungry.

You visited 1 branch of the dungeon, and saw 4 of its levels.
You also visited: Ossuary.

You collected 171 gold pieces.

Inventory:

Hand Weapons
 a - a +1 long sword (weapon)
Missiles
 d - 3 throwing nets (quivered)
Armour
 b - a +0 leather armour (worn)
 c - a +0 helmet (worn)
Jewellery
 l - a +3 ring of protection (left hand)
Scrolls
 g - 2 scrolls of identify
 i - 3 scrolls of amnesia
 j - 4 scrolls of remove curse
 k - a scroll of magic mapping {unknown}
 s - a scroll of fear
Potions
 e - 2 potions of brilliance
 h - a potion of cancellation {unknown}
 m - a potion of agility
 n - 2 potions of mutation
 o - 2 potions of lignification {unknown}
 p - a potion of ambrosia {unknown}
 q - 2 potions of might {unknown}
 u - a potion of curing
Comestibles
 f - a bread ration
 r - a royal jelly
 t - 3 fruits


   Skills:
 - Level 5.6 Fighting
 + Level 4.2 Long Blades
 - Level 2.0 Throwing
 - Level 4.0 Dodging
 + Level 6.2 Stealth


You had 6 spell levels left.
You didn't know any spells.

Dungeon Overview and Level Annotations

Branches:
Dungeon (4/15)
 Temple: D:4-7

Altars:
Makhleb
Nemelex Xobeh
Okawaru
Qazlal
Trog
Uskayaw
Vehumet
Yredelemnul
The Shining One


Innate Abilities, Weirdness & Mutations

You revert to your normal form in water.
You are very nimble and swift while swimming.
You are very stealthy in the water. (Stealth+)
You tend to lose your temper in combat.
You evolve.
Your spells are a little easier to cast, but a little less powerful.


Message History

There is an open door here.
You barely miss the mummy. You barely miss the mummy. The mummy misses you.
You riposte.
You barely miss the mummy. You hit the mummy.
The mummy is moderately damaged.
The mummy hits you!
* * * LOW HITPOINT WARNING * * *
You are too injured to fight recklessly!
You are too injured to fight recklessly!
You hit the mummy.
The mummy is moderately damaged.
You barely miss the mummy.
The mummy is moderately damaged.
The mummy closely misses you.
You riposte.
You barely miss the mummy.
The mummy is moderately damaged.
You hit the mummy.
The mummy is heavily damaged.
The mummy hits you!
You die...

#.####.##
#'# #+#
##.# #..#
##.# #^#
##'##
#...###
+...@M#
#...###
##+##


You could see a mummy.

Vanquished Creatures
  A phantom (D:4)
  An ogre (D:4)
  2 orc wizards (D:4)
  2 worker ants (D:4)
  A hound skeleton (D:4)
  6 mummies
  8 adders
  An ooze (D:1)
  An adder skeleton (D:4)
  5 worms (D:3)
  2 dart slugs
  3 leopard geckos
  5 orcs
  4 giant cockroaches
  6 hobgoblins
  15 jackals
  5 quokkas
  15 bats
  4 frilled lizards
  13 goblins
  A goblin skeleton (Ossuary)
  4 kobolds
  2 orc skeletons (Ossuary)
  6 rats
  11 rat skeletons (Ossuary)
124 creatures vanquished.

Notes
Turn   | Place    | Note
-------+----------+-------------------------------------------
     0 | D:1      | Kloppie the Merfolk Gladiator began the quest for the Orb.
     0 | D:1      | Reached XP level 1. HP: 16/16 MP: 1/1
    60 | D:1      | Reached skill level 1 in Stealth
   231 | D:1      | Reached XP level 2. HP: 22/22 MP: 2/2
   394 | D:1      | Reached skill level 2 in Stealth
   413 | D:1      | Reached XP level 3. HP: 14/27 MP: 3/3
   914 | D:2      | Reached XP level 4. HP: 28/34 MP: 4/4
  1046 | D:2      | Reached skill level 3 in Stealth
  1060 | D:2      | Found a glowing golden altar of the Shining One.
  1159 | D:2      | Found a radiant altar of Vehumet.
  1160 | D:2      | Found a glowing golden altar of the Shining One.
  1162 | D:2      | Found a basalt altar of Yredelemnul.
  1162 | D:2      | Found a stormy altar of Qazlal.
  1164 | D:2      | Found a sparkling altar of Nemelex Xobeh.
  1164 | D:2      | Found a burning altar of Makhleb.
  1165 | D:2      | Found an iron altar of Okawaru.
  1178 | D:2      | Became a worshipper of Warmaster Okawaru
  1895 | D:3      | Reached XP level 5. HP: 39/41 MP: 5/5
  2308 | D:3      | Found a bloodstained altar of Trog.
  2308 | D:3      | Found a hide-covered altar of Uskayaw.
  2359 | D:3      | Gained mutation: Your spells are a little easier to cast, but a little less powerful. [potion of mutation]
  2359 | D:3      | Gained mutation: You tend to lose your temper in combat. [potion of mutation]
  2359 | D:3      | Gained mutation: You evolve. [potion of mutation]
  2749 | D:3      | Reached skill level 4 in Stealth
  3258 | D:4      | Noticed a phantom
  3366 | D:4      | Noticed an ogre
  3374 | D:4      | Killed an ogre
  3374 | D:4      | Reached XP level 6. HP: 49/49 MP: 6/6
  3376 | D:4      | Reached skill level 5 in Stealth
  3489 | D:4      | Reached skill level 5 in Fighting
  3597 | D:4      | Killed a phantom
  3597 | D:4      | Reached * piety under Okawaru
  3597 | D:4      | Reached XP level 7. HP: 19/56 MP: 7/7
  3632 | D:4      | Found a sand-covered staircase.
  3645 | Ossuary  | Entered an ossuary
  3835 | Ossuary  | Reached skill level 6 in Stealth
  4207 | Ossuary  | Slain by a mummy

Skill      XL: |  1  2  3  4  5  6  7 |
---------------+----------------------+-----
Stealth        | 1 2 3 4 5 6 |  6.2
Long Blades    | 4 |  4.2
Fighting       | 3 4 5 |  5.6
Throwing       | |  2.0
Dodging        | |  4.0

Action                   |  1- 3 |  4- 6 |  7- 9 || total
-------------------------+-------+-------+-------++-------
Melee: Long sword        |    69 |   201 |    63 ||   333
  Use: Scroll            |       |     8 |       ||     8
       Potion            |       |     3 |       ||     3
 Stab: Sleeping          |     5 |    11 |     4 ||    20
       Distracted        |       |     1 |       ||     1
  Eat: Chunk             |       |     9 |     1 ||    10
       Royal jelly       |       |       |     1 ||     1
Armor: Leather armour    |    27 |    59 |     9 ||    95
Dodge: Dodged            |    63 |   181 |    26 ||   270
       Rpst.: Long sword |    23 |    67 |     9 ||    99
